 Dungeon Sprint DCSS version 0.17-a0-1646-geb1493d (webtiles) character file.

858 nuthulu the Thrower (level 7, -5/117 HPs)
             Began as a Troll Hunter on Aug 10, 2015.
             Slain by a tentacle (18 damage)
             ... attached to a kraken
             ... in the Dungeon (Sprint II: "The Violet Keep of Menkaure").
             The game lasted 00:03:38 (658 turns).

nuthulu the Thrower (Troll Hunter)                   Turns: 658, Time: 00:03:38

Health: -5/117     AC: 10    Str: 26      XL:     7   Next: 71%
Magic:  6/6        EV: 17    Int:  6 (7)  God:
Gold:   67         SH:  0    Dex: 12      Spells: 0 memorised, 6 levels left

rFire  . . .     SeeInvis .       - Unarmed
rCold  . . .     Clarity  .     d - +0 robe
rNeg   + . .     SustAt   .     (no shield)
rPois  .         Gourm    +     (helmet restricted)
rElec  .         Spirit   .     m - +0 cloak
rCorr  .         Warding  +     (gloves unavailable)
rMut   .         NoTele   +     (boots unavailable)
MR     .....                    l - brooch of Shielding {Ward rN+ AC+4 EV+4}
Stlth  ..........               (no ring)
                                (no ring)

@: mighty, berserking, very slightly contaminated, hasted, very quick, not
resistant to hostile enchantments, extremely unstealthy
A: unfitting armour, claws 3, fast metabolism 3, gourmand, regeneration 2,
shaggy fur 1, tough skin 2
a: no special abilities


You were in the Dungeon.
You were not hungry.

You visited 1 branch You collected 972 gold pieces.
You spent 905 gold pieces at shops.

Inventory:

Missiles
 b - a throwing net (quivered)
Armour
 d - a +0 robe (worn)
 m - a +0 cloak (worn)
Jewellery
 l - the brooch of Shielding (around neck) {Ward rN+ AC+4 EV+4}
   (You bought it in a shop in the Dungeon)

   [amulet of warding]

   It may prevent the melee attacks of summoned creatures.
   It affects your AC (+4).
   It affects your evasion (+4).
   It protects you from negative energy.
Scrolls
 k - a scroll of blinking
Potions
 f - a potion of curing
 g - a potion of heal wounds
 i - 2 potions of magic
Comestibles
 e - 2 bread rations


   Skills:
 + Level 7.3 Fighting
 + Level 8.6 Throwing
 + Level 7.3 Dodging
 - Level 0.4 Stealth
 + Level 8.6 Unarmed Combat


You had 6 spell levels left.
You didn't know any spells.

Dungeon Overview and Level Annotations

Branches:
Dungeon (1/1)

Altars:

Shops:
D =::?[%[!?[*!}((=

Annotations:
D exclusion: oklob plant


Innate Abilities, Weirdness & Mutations

You are too large for most types of armour.
You have claws for hands.
Your metabolism is lightning-fast.
You like to eat raw meat.
You heal very quickly.
You are covered in fur (AC +1).
You have very tough skin (AC +2).


Message History

You feel yourself moving faster!
You feel mighty!
The tentacle slaps you but does no damage.
The tentacle closely misses you.
The tentacle is engulfed in a cloud of scalding steam.
You mangle the tentacle!!
You kill the tentacle!
The tentacle completely misses you.
A tentacle rises from the water!
Unknown command.
You mangle the tentacle segment!!
The tentacle segment is heavily wounded.
The tentacle slaps you but does no damage.
Unknown command.
You mangle the tentacle segment!!
You kill the tentacle segment!
The tentacle slaps you!!
* * * LOW HITPOINT WARNING * * *
You claw the tentacle!
The tentacle is heavily wounded.
The tentacle barely misses you. The tentacle slaps you!!
You die...

≈## §≈§§ ##≈≈#+++#+++##
#≈≈≈.........#
#≈≈≈≈.##'##..#
#≈≈≈≈##.####.####
#≈≈≈≈#.##..#....#
#≈≈####†..####..##
#≈##.###†###.##..#
#≈#.####.###..#.@#
+≈'##.'.<.'.##+ww#
#≈#...##.###..#**..#
#≈##.###'###.##X§.§..≈
#≈≈####.#.####≈w.§.§.≈#
##≈≈≈#..#..# ≈§≈≈§§§.≈#
+#≈##...## ≈≈≈§≈§≈.≈# #
≈≈##+## ≈≈≈≈§§§≈≈≈# §
≈≈ ≈≈≈≈≈≈≈


You could see a kraken and 3 tentacles.

Vanquished Creatures
  4 necrophages (D)
  4 brain worms (D)
  2 crocodiles (D)
  4 worker ants (D)
  3 worms (D)
  2 tentacles (D)
  A tentacle segment (D)
20 creatures vanquished.

Vanquished Creatures (others)
  27 tentacles (D)
  439 tentacle segments (D)
466 creatures vanquished.

Grand Total: 486 creatures vanquished

Notes
Turn   | Place    | Note
--------------------------------------------------------------
     0 | D        | nuthulu the Troll Hunter began the quest for the Orb.
     0 | D        | Reached XP level 1. HP: 19/19 MP: 0/0
     2 | D        | Noticed a brain worm
     2 | D        | Noticed a brain worm
     2 | D        | Noticed a brain worm
     2 | D        | Noticed a brain worm
     7 | D        | Reached skill level 1 in Unarmed Combat
    12 | D        | Reached skill level 4 in Throwing
   127 | D        | Noticed a necrophage
   127 | D        | Noticed a necrophage
   127 | D        | Noticed a necrophage
   127 | D        | Noticed a necrophage
   129 | D        | Killed a necrophage
   129 | D        | Reached skill level 5 in Throwing
   129 | D        | Reached XP level 2. HP: 26/32 MP: 1/1
   129 | D        | Reached XP level 3. HP: 31/39 MP: 2/2
   129 | D        | Reached XP level 4. HP: 38/48 MP: 3/3
   130 | D        | Killed a necrophage
   130 | D        | Reached skill level 6 in Throwing
   130 | D        | Reached skill level 5 in Unarmed Combat
   130 | D        | Reached XP level 5. HP: 42/55 MP: 4/4
   139 | D        | Killed a necrophage
   139 | D        | Reached skill level 5 in Fighting
   139 | D        | Reached skill level 5 in Dodging
   145 | D        | Killed a necrophage
   145 | D        | Reached skill level 7 in Throwing
   145 | D        | Reached XP level 6. HP: 52/67 MP: 5/5
   181 | D        | Noticed a worker ant
   181 | D        | Noticed a worker ant
   183 | D        | Noticed a worker ant
   183 | D        | Killed a worker ant
   184 | D        | Noticed a worker ant
   185 | D        | Killed a worker ant
   186 | D        | Killed a worker ant
   191 | D        | Killed a worker ant
   241 | D        | Killed a brain worm
   243 | D        | Killed a brain worm
   243 | D        | Reached XP level 7. HP: 76/76 MP: 6/6
   245 | D        | Killed a brain worm
   245 | D        | Reached skill level 8 in Throwing
   247 | D        | Killed a brain worm
   288 | D        | Found Usawnim's Gadget Boutique.
   288 | D        | Found Inuyguh's Antique Weapon Boutique.
   288 | D        | Found Xackell's Distillery.
   289 | D        | Found Taekic's Jewellery Shop.
   289 | D        | Found Xeefif's General Store.
   289 | D        | Found Katty's Antique Armour Boutique.
   289 | D        | Found Nisem's Magic Scroll Shop.
   289 | D        | Found Vyqonu's Distillery.
   290 | D        | Found Nuji Puegim's Food Boutique.
   290 | D        | Found Ennary's Antique Armour Shop.
   291 | D        | Found Hap Mapn's Antique Weapon Shop.
   291 | D        | Found Xaivaxat's Antique Armour Boutique.
   292 | D        | Found Hysm's Magic Scroll Boutique.
   292 | D        | Found Edwuav's Book Shop.
   292 | D        | Noticed a crocodile
   292 | D        | Noticed an oklob plant
   293 | D        | Found Malin's Book Shoppe.
   293 | D        | Found Pausus's Jewellery Boutique.
   299 | D        | Killed a crocodile
   319 | D        | Noticed a death yak
   323 | D        | Bought a potion of heal wounds for 65 gold pieces
   323 | D        | Bought a potion of might for 52 gold pieces
   334 | D        | Noticed a great orb of eyes
   343 | D        | Bought the brooch of Shielding {Ward rN+ AC+4 EV+4} for 667 gold pieces
   366 | D        | Bought a cloak for 121 gold pieces
   393 | D        | Noticed a kraken
   409 | D        | Noticed an orange crystal statue
   418 | D        | Noticed a crocodile
   430 | D        | Killed a crocodile
   658 | D        | Slain by a tentacle

Vault maps used:
D:        the_violet_keep_of_menkaure

Action                   |  1- 3 |  4- 6 |  7- 9 || total
-------------------------+-------+-------+-------++-------
Melee: Unarmed           |     3 |    17 |    29 ||    49
Throw: Large rock        |     5 |    11 |     8 ||    24
       Throwing net      |       |     1 |     1 ||     2
  Use: Potion            |       |       |     4 ||     4
  Eat: Chunk             |     1 |     4 |     2 ||     7
